 Dungeon Crawl Stone Soup version 0.19-a0-1277-g7cecae3 (webtiles) character file.

39 MrRokkomies the Firebug (level 3, -3/19 HPs)
             Began as a Deep Elf Fire Elementalist on Aug 30, 2016.
             Was an Initiate of Ashenzari.
             Hit by a javelin thrown by a gnoll (11 damage)
             ... on level 2 of the Dungeon.
             The game lasted 00:03:59 (1093 turns).

MrRokkomies the Firebug (DEFE)                      Turns: 1093, Time: 00:04:00

Health: -3/19      AC:  2    Str:  6    XL:     3   Next: 26%
Magic:  9/9        EV: 13    Int: 19    God:    Ashenzari [......]
Gold:   40         SH:  0    Dex: 15    Spells: 3 memorised, 1 level left

rFire  . . .     SeeInvis .     a - +1 short sword (speed)
rCold  + . .     Gourm    .     e - +0 robe
rNeg   . . .     Faith    .     (no shield)
rPois  .         Spirit   .     (no helmet)
rElec  .         Dismiss  .     (no cloak)
rCorr  .         Reflect  .     (no gloves)
MR     .....     Harm     .     (no boots)
Stlth  ++........               o - amulet of magic regeneration
                                m - ring of flight
                                f - ring of protection from cold

@: no status effects
A: no striking features
a: Curse Item, Renounce Religion, Evoke Flight


You were on level 2 of the Dungeon.
You worshipped Ashenzari.
Ashenzari was noncommittal.
You were not hungry.

You visited 1 branch of the dungeon, and saw 2 of its levels.

You collected 40 gold pieces.

Inventory:

Hand Weapons
 a - a +1 short sword of speed (weapon)
Armour
 e - a +0 robe (worn)
Jewellery
 f - a ring of protection from cold (left hand)
 m - a ring of flight (right hand)
 o - an amulet of magic regeneration (around neck)
Scrolls
 l - a scroll of identify {unknown}
 p - 2 scrolls of enchant armour {unknown}
Potions
 d - 2 potions of curing {unknown}
 g - a potion of flight {unknown}
 i - a potion of heal wounds {unknown}
 j - a potion of might {unknown}
 k - a potion of resistance {unknown}
 n - a potion of lignification {unknown}
Books
 b - a book of Flames

   Spells                             Type                      Level
   a - Flame Tongue                   Conjuration/Fire             1
   b - Throw Flame                    Conjuration/Fire             2
   c - Conjure Flame                  Conjuration/Fire             3
   d - Inner Flame                    Hexes/Fire                   3
   e - Sticky Flame                   Conjuration/Fire             4
   f - Fireball                       Conjuration/Fire             5
Comestibles
 c - 2 bread rations
 h - 2 meat rations
 q - a beef jerky


   Skills:
 - Level 2.4 Dodging
 - Level 2.4 Stealth
 - Level 3.0 Spellcasting
 * Level 2.5 Conjurations
 * Level 4.1 Fire Magic


You had one spell level left.
You knew the following spells:

 Your Spells              Type           Power        Failure   Level  Hunger
a - Flame Tongue          Conj/Fire      ###..        4%          1    None
b - Conjure Flame         Conj/Fire      ###.....     12%         3    ###....
c - Inner Flame           Hex/Fire       ##......     21%         3    ###....


Dungeon Overview and Level Annotations

Branches:
Dungeon (2/15)

Altars:
Ashenzari


Message History

p - 2 scrolls labeled YPPARU BAI (gained 1)
You see here a rat corpse.
q - a beef jerky
Found an escape hatch in the ceiling.
A bat and 2 gnolls come into view.
A gnoll comes into view. It is wielding a club.
The gnoll shouts! x3; You hear an angry hiss.
The gnoll barely misses you.
A hobgoblin comes into view.
You see here an uncursed robe.
The bat barely misses you.
The gnoll hits you from afar with a spear!
Ouch! That really hurt!
The bat closely misses you. The bat closely misses you.
The bat barely misses you. The bat hits you but does no damage.
The bat misses you. The bat hits you.
The gnoll throws a javelin.
The javelin hits you!
Ouch! That really hurt!
You die...

#...... ###.... .#
.g....g##...#
#####.####
.......[..#
##...#....##
......##..#
##..........# ...g#
##.# #............
##. #g##
#............ #..##
#............ ##.b#
###†.....=...# #.
##@###......##...##
#.# #..##.######
#### ##. #.#
##....#
...###.###..).##
.....#..##.##.#
#.##.......##..#
#.####...#####.#
#.# ##....# .# #
#.# #...#†####..


You could see 2 gnolls and a bat.

Vanquished Creatures
  2 oozes (D:1)
  A dart slug (D:1)
  3 giant cockroaches (D:1)
  3 goblins (D:1)
  5 hobgoblins
  3 bats
  2 giant newts (D:1)
  4 kobolds
  6 rats
29 creatures vanquished.

Notes
Turn   | Place    | Note
-------+----------+-------------------------------------------
     0 | D:1      | MrRokkomies the Deep Elf Fire Elementalist began the quest for the Orb.
     0 | D:1      | Reached XP level 1. HP: 10/10 MP: 6/6
   123 | D:1      | Reached XP level 2. HP: 15/15 MP: 4/8
   273 | D:1      | Reached skill level 4 in Fire Magic
   428 | D:1      | Found a shattered altar of Ashenzari.
   438 | D:1      | Became a worshipper of Ashenzari the Shackled
   541 | D:1      | Reached XP level 3. HP: 9/19 MP: 6/9
   546 | D:1      | Learned a level 3 spell: Conjure Flame
   550 | D:1      | Learned a level 3 spell: Inner Flame
  1093 | D:2      | Hit by a javelin thrown by a gnoll

Vault maps used:
D:1:      onia_arrival_handbag, ashenzari_altar_1

Skill      XL: |  1  2 |
---------------+-------+-----
Fire Magic     | 4 |  4.1
Conjurations   | 2 |  2.5
Dodging        | |  2.4
Stealth        | |  2.4
Spellcasting   | |  3.0

Action                   || total
-------------------------++-------
Melee: Short sword       ||    40
 Cast: Flame Tongue      ||    32
 Stab: Sleeping          ||     2
Armor: Robe              ||    11
Dodge: Dodged            ||    35
